Description

Copy of PIG's Zerg B2GM ZvX guide

VOD

https://www.youtube.com/watch?v=Tr1_8C6CjMQ&list=WL&index=5

Build Order

Get SALT Encoding   

  12  0:01  Drone  
  13  0:13  Overlord  
  17  0:48  Spawning Pool  
  17  1:08  Hatchery  
  17  1:18  Extractor  
  20  1:40  Overlord, Queen  Just after Spawning Pool is done, Just after Spawning Pool is done
  21  1:42  Zergling  Just after Spawning Pool is done
  23  2:12  Queen  Just before first one finishes. Inject with the newborn queen and send her to Natural, they will be Synced later.
  34  2:54  Overlord  @100 Gas -> Zergling Speed
  36  3:17  Roach Warren  Scout. If opponent has no expansion put some spores at your bases.
  43  3:52  Hatchery  
  50  4:08  Lair  
  49  4:27  Extractor x3  
  50  4:30  Roach  Start Evo upgrades and Roach Speed.
  66  5:00  Evolution Chamber x2  
  70  5:20  Hydralisk Den  To complement your Roaches
Spawning Tool Build Advisor. Get it on Overwolf

Go to:

Details

  • Created by: SGVolt   
  • Published on: Aug 18, 2021
  • Modified on: Aug 18, 2021
  • Patch: 4.11.0
  • Difficulty: Easy
Show
View Real Time Build Order
Export as new Build Order

Comments (0)

There are no comments. Be the first!

Create an account to comment!